 Dungeon Crawl Stone Soup version 0.30.1 (webtiles) character file.

Game seed: 9966795742243546079

24120 Graphine the Unseen (level 13, -2/80 HPs)
             Began as a Kobold Brigand on July 4, 2023.
             Was an Initiate of Gozag.
             Killed by an exploding orc wizard (9 damage)
             ... ignited by their inner flame
             ... on level 2 of the Orcish Mines.
             The game lasted 00:26:41 (12993 turns).

Graphine the Unseen (Kobold Brigand)               Turns: 12993, Time: 00:26:41

Health: -2/80      AC:  8    Str:  8    XL:     13   Next: 40%
Magic:  13/13      EV: 34    Int: 10    God:    Gozag
Gold:   2848       SH:  0    Dex: 27    Spells: 12/12 levels left

rFire   + + +        y - +4 rapier "Aromoi" {freeze, rF++ Int-2 Dex+5 SInv}
rCold   . . .        (no shield)
rNeg    . . .        I - +0 robe {Will+}
rPois   .            P - +2 helmet
rElec   .            J - scarf {+Inv}
rCorr   .            (no gloves)
SInv    +            s - +2 pair of boots
Will    +....        w - amulet of Joegh {RegenMP Harm Stlth+}
Stlth   +++++++++    B - ring of protection from fire
HPRegen 0.33/turn    h - +5 ring of evasion
MPRegen 0.53/turn

%: harm (+30% outgoing, +20% incoming)
@: gold aura
A: small, no large weapons, nightstalker 3
a: Renounce Religion, Evoke Invisibility, Potion Petition, Call Merchant, Bribe
Branch


You were on level 2 of the Orcish Mines.
You worshipped Gozag.
Gozag was most pleased with you.
You visited 3 branches of the dungeon, and saw 15 of its levels.
You also visited: Sewer and Volcano.

You collected 2935 gold pieces.
You paid 87 gold pieces to Gozag.

Inventory:

Hand Weapons
 a - a +4 heavy dagger
 u - a +5 dagger of chaos
 y - the +4 rapier "Aromoi" (weapon) {freeze, rF++ Int-2 Dex+5 SInv}
   (You acquired it on level 5 of the Dungeon)

   Int:       It affects your intelligence (-2).
   Dex:       It affects your dexterity (+5).
   rF:        It greatly protects you from fire.
   SInv:      It lets you see invisible.
 M - a +2 dagger of draining
Missiles
 d - 42 poisoned darts
 e - 3 curare-tipped darts
 q - 3 throwing nets
 F - 4 silver boomerangs (quivered)
 L - 6 atropa-tipped darts
 R - 3 datura-tipped darts
Armour
 p - an orb of wrath
 s - a +2 pair of boots (worn)
 I - a +0 robe of willpower (worn)
 J - a scarf of invisibility (worn)
 O - the +1 scale mail of the Original Sin {rF+ Dex+3}
   (You found it on level 10 of the Dungeon)

   Dex:       It affects your dexterity (+3).
   rF:        It protects you from fire.
 P - a +2 helmet (worn)
Jewellery
 f - a +6 ring of dexterity
 h - a +5 ring of evasion (right hand)
 v - a +4 ring of protection
 w - the amulet of Joegh (around neck) {RegenMP Harm Stlth+}
   (You acquired it in a sewer)

   [amulet of magic regeneration]

   It increases your rate of magic regeneration.
   Harm:      It increases damage dealt and taken.
   Stlth:     It makes you more stealthy.
 B - a ring of protection from fire (left hand)
 H - a +6 ring of intelligence
Wands
 N - a wand of paralysis (11)
Scrolls
 i - 2 scrolls of fear
 l - 6 scrolls of teleportation
 n - 4 scrolls of amnesia
 A - a scroll of blinking
 Q - 3 scrolls of fog
Potions
 b - 3 potions of resistance {unknown}
 c - a potion of degeneration {unknown}
 g - 4 potions of flight
 j - a potion of cancellation
 k - 3 potions of brilliance
 m - 4 potions of attraction
 o - 2 potions of lignification
 r - 8 potions of curing
 t - 5 potions of heal wounds
 x - 5 potions of might
 z - a potion of experience {unknown}
 C - 5 potions of mutation
 D - a potion of magic {unknown}
 E - 3 potions of invisibility
 G - 3 potions of haste


   Skills:
 + Level 9.1 Fighting
 - Level 14.0 Short Blades
 + Level 7.8 Throwing
 * Level 13.3 Dodging
 * Level 16.5 Stealth
 * Level 1.5 Evocations


You had 12 spell levels left.
You didn't know any spells.
Your spell library contained the following spells:

 Spells                   Type           Power      Damage    Failure   Level
 Magic Dart               Conj           0%         1d3       36%         1
 Sandblast                Erth           0%         2d4       36%         1
 Shock                    Conj/Air       0%         1d3       36%         1
 Call Imp                 Summ           0%         N/A       50%         2
 Cigotuvi's Dreadful Rot  Necr/Pois/Air  0%         N/A       50%         2
 Passwall                 Tmut/Erth      0%         N/A       50%         2
 Scorch                   Fire           0%         2d5       50%         2
 Mephitic Cloud           Conj/Pois/Air  0%         N/A       75%         3
 Stone Arrow              Conj/Erth      0%         3d7       75%         3
 Swiftness                Air            0%         N/A       75%         3
 Airstrike                Air            0%         2d(0-16)  98%         4
 Dispel Undead            Necr           0%         3d6       98%         4
 Flame Wave               Conj/Fire      0%         2d4       98%         4
 Death Channel            Necr           0%         N/A       100%        6
 Summon Cactus Giant      Summ           0%         N/A       100%        6


Dungeon Overview and Level Annotations

Branches:
Dungeon (12/15)            Temple (1/1) D:6            Lair (0/5) D:9
    Orc (2/2) D:11            Elf (0/3) Orc:2         Sewer (visited)
Volcano (visited)

Altars:
Ashenzari
Cheibriados
Dithmenos
Elyvilon
Fedhas
Gozag
Hepliaklqana
Kikubaaqudgha
Makhleb
Nemelex Xobeh
Okawaru
Qazlal
Ru
Sif Muna
Trog
Uskayaw
Vehumet
Wu Jian
Xom
Yredelemnul
Zin
The Shining One


Innate Abilities, Weirdness & Mutations

You are small and have problems with some larger weapons.
You are completely attuned to the shadows.


Message History

The orc priest completely misses you.
Hit: y) +4 rapier "Aromoi" {freeze, rF++ Int-2 Dex+5 SInv}
Press: ? - help, Dir - move target, f - orc wizard
Aim: an orc wizard, wielding a +0 dagger and wearing a +0 robe (inner flame, strong, about 27% to evade the +4 rapier "Aromoi")
You hit the orc wizard but do no damage.
Unknown command.
Hit: y) +4 rapier "Aromoi" {freeze, rF++ Int-2 Dex+5 SInv}
Press: ? - help, Dir - move target, f/p - orc wizard
Aim: an orc wizard, wielding a +0 dagger and wearing a +0 robe (inner flame, strong, about 27% to evade the +4 rapier "Aromoi")
You hit the orc wizard.
Flame seeps out of the orc wizard.
You freeze the orc wizard.
Flame seeps out of the orc wizard.
The orc wizard is moderately wounded.
The orc warrior completely misses you.
The orc wizard is engulfed in blazing flames.
Flame seeps out of the orc wizard.
The orc wizard points at you and mumbles some strange words.
The magic dart hits you.
* * * LOW HITPOINT WARNING * * *
The orc knight misses you.
The orc priest invokes the aid of Beogh against you.
Beogh smites you!
* * * LOW HITPOINT WARNING * * *
Unknown command.
Hit: y) +4 rapier "Aromoi" {freeze, rF++ Int-2 Dex+5 SInv}
Press: ? - help, Dir - move target, f/p - orc wizard
Aim: an orc wizard, wielding a +0 dagger and wearing a +0 robe (flame, almost dead, inner flame, strong, about 27% to evade the +4 rapier "Aromoi")
You hit the orc wizard but do no damage.
The orc wizard is almost dead.
Unknown command.
Unknown command.
Unknown command.
Hit: y) +4 rapier "Aromoi" {freeze, rF++ Int-2 Dex+5 SInv}
Press: ? - help, Dir - move target, f/p - orc wizard
Aim: an orc wizard, wielding a +0 dagger and wearing a +0 robe (flame, almost dead, inner flame, strong, about 27% to evade the +4 rapier "Aromoi")
You puncture the orc wizard! You freeze the orc wizard.
The orc wizard explodes!
The fiery explosion engulfs the orc knight!!!
The fiery explosion engulfs you! You resist.
You die...
Your body crumbles into a pile of gold.

#.#.#. #######.....
#$....$$.....
##..........$.
.....)........ $
$..$....$...... $
$.#.$.............
..$...##.......... ..
..§§@o##...........#.
#.#○§o...............
##§§o........<.......
#...................
#...................
...............
..............
.........)#...
..............


You could see an orc warrior (inner flame, strong), an orc priest (inner flame,
strong) and an orc (inner flame, strong).

Vanquished Creatures
  A fire dragon (Volcano)
  3 two-headed ogres
  A tengu warrior (D:9)
  Urug (D:10)
  Lodul (D:10)
  Pikel (D:4)
  2 orc knights
  5 lindwurms (Volcano)
  A wizard (D:9)
  A deep elf pyromancer (D:8)
  An ugly thing (D:9)
  A cyclops (D:8)
  2 orc sorcerers (Orc:1)
  Joseph (D:7)
  A gargoyle (D:11)
  2 smoke demons (Volcano)
  An unseen horror (D:8)
  Psyche (D:8)
  A komodo dragon (D:10)
  5 trolls
  Prince Ribbit (D:8)
  A slime creature (D:12)
  2 wyverns
  15 yaks
  Sigmund (D:3)
  2 shadows (D:10)
  A wraith (D:11)
  Grum (D:8)
  3 steam dragons
  7 vampire mosquitoes
  3 wargs
  2 acid dragons
  A water moccasin (D:6)
  A hell hound (Volcano)
  7 orc warriors
  A sky beast (D:8)
  3 black bears
  4 wolves
  12 ogres
  4 centaurs
  3 phantoms
  4 kobold brigands (Sewer)
  A gnoll sergeant (D:9)
  7 bullfrogs
  A scorpion (D:6)
  4 wights (D:8)
  5 killer bees (D:8)
  2 electric eels (D:9)
  2 howler monkeys
  2 crimson imps
  7 hounds
  2 gnoll boudas
  4 orc priests
  A jelly (D:6)
  2 sleepcaps
  An iguana (D:7)
  17 orc wizards
  20 gnolls
  9 adders
  2 river rats
  A white imp (D:4)
  2 ufetubi (D:7)
  A worm (D:4)
  2 dart slugs (D:1)
  20 orcs
  5 endoplasms
  13 giant cockroaches
  4 goblins
  7 hobgoblins
  3 jackals (Sewer)
  3 kobolds
  3 quokkas
  10 ball pythons
  4 bats
  9 frilled lizards
  12 rats
300 creatures vanquished.

Vanquished Creatures (collateral kills)
  An orc warrior (Orc:1)
  A gnoll sergeant (D:6)
  3 gnolls (D:6)
5 creatures vanquished.

Grand Total: 305 creatures vanquished

Notes
Turn   | Place    | Note
-------+----------+-------------------------------------------
     0 | D:1      | Graphine the Kobold Brigand began the quest for the Orb.
     0 | D:1      | Reached XP level 1. HP: 12/12 MP: 1/1
   182 | D:1      | Reached XP level 2. HP: 18/18 MP: 2/2
   391 | D:1      | Reached XP level 3. HP: 22/22 MP: 3/3
  1706 | D:2      | Reached XP level 4. HP: 27/27 MP: 4/4
  1970 | D:3      | Noticed Sigmund
  1973 | D:3      | Killed Sigmund
  1974 | D:3      | Reached skill level 6 in Stealth
  1974 | D:3      | Reached XP level 5. HP: 32/32 MP: 5/5
  1974 | D:3      | Reached XP level 6. HP: 37/37 MP: 6/6
  2778 | D:4      | Reached skill level 7 in Stealth
  2932 | D:4      | Reached skill level 5 in Short Blades
  2932 | D:4      | Reached XP level 7. HP: 41/41 MP: 7/7
  3236 | D:4      | Noticed Pikel
  3247 | D:4      | Killed Pikel
  3248 | D:4      | Reached skill level 5 in Dodging
  3248 | D:4      | Reached skill level 8 in Stealth
  3248 | D:4      | Reached XP level 8. HP: 48/48 MP: 8/8
  3339 | D:4      | Found a glowing drain.
  3351 | Sewer    | Entered a sewer
  3496 | Sewer    | Reached skill level 9 in Stealth
  4025 | Sewer    | Identified a scroll of acquirement
  4025 | Sewer    | Acquired the amulet of Joegh {RegenMP Harm Stlth+}
  4384 | D:5      | Entered Level 5 of the Dungeon
  4425 | D:5      | You fall into a shaft and drop 2 floors!
  4509 | D:7      | Reached XP level 9. HP: 53/53 MP: 9/9
  4603 | D:6      | Found a blossoming altar of Fedhas.
  4640 | D:6      | Reached skill level 5 in Fighting
  4734 | D:6      | Found a staircase to the Ecumenical Temple.
  4936 | Temple   | Entered the Ecumenical Temple
  5356 | Temple   | Became a worshipper of Gozag Ym Sagoz the Greedy
  5446 | D:6      | Reached skill level 10 in Stealth
  6857 | D:5      | Acquired the +4 rapier "Aromoi" {freeze, rF++ Int-2 Dex+5
                  | SInv}
  7239 | D:7      | Reached skill level 11 in Stealth
  7311 | D:7      | Found a hazy altar of Hepliaklqana.
  7311 | D:7      | Found a snail-covered altar of Cheibriados.
  7351 | D:7      | Reached XP level 10. HP: 60/60 MP: 10/10
  7397 | D:7      | Noticed Joseph
  7402 | D:7      | Killed Joseph
  7931 | D:8      | Reached skill level 10 in Short Blades
  7933 | D:8      | Noticed Prince Ribbit
  7936 | D:8      | Noticed a deep elf pyromancer
  7937 | D:8      | Killed Prince Ribbit
  7941 | D:8      | Killed a deep elf pyromancer
  7942 | D:8      | Reached skill level 12 in Stealth
  8066 | D:8      | Noticed an unseen horror
  8069 | D:8      | Killed an unseen horror
  8075 | D:8      | Noticed Psyche
  8078 | D:8      | Killed Psyche
  8112 | D:8      | Found a basalt altar of Yredelemnul.
  8179 | D:8      | Noticed a cyclops
  8182 | D:8      | Killed a cyclops
  8216 | D:8      | Reached XP level 11. HP: 66/66 MP: 11/11
  8229 | D:8      | Found a shimmering blue altar of Sif Muna.
  8260 | D:8      | Noticed Grum
  8265 | D:8      | Killed Grum
  8335 | D:8      | Found a hide-covered altar of Uskayaw.
  8343 | D:8      | Reached skill level 5 in Throwing
  8602 | D:9      | Reached skill level 10 in Dodging
  8643 | D:9      | Reached skill level 13 in Stealth
  9390 | D:9      | Noticed a two-headed ogre
  9394 | D:9      | Killed a two-headed ogre
  9418 | D:9      | Noticed a wizard
  9421 | D:9      | Killed a wizard
  9429 | D:9      | Noticed a white ugly thing
  9430 | D:9      | Noticed a tengu warrior
  9431 | D:9      | Killed a white ugly thing
  9432 | D:9      | Reached skill level 14 in Stealth
  9435 | D:9      | Killed a tengu warrior
  9509 | D:9      | Reached XP level 12. HP: 29/73 MP: 12/12
  9695 | D:9      | Found a staircase to the Lair.
  9732 | D:9      | Found a glowing golden altar of the Shining One.
  9827 | D:10     | Entered Level 10 of the Dungeon
  9843 | D:10     | Found a shadowy altar of Dithmenos.
  9843 | D:10     | Noticed Lodul
  9848 | D:10     | Killed Lodul
 10012 | D:10     | Identified the +1 scale mail of the Original Sin {rF+
                  | Dex+3}
 10412 | D:10     | Noticed a two-headed ogre
 10415 | D:10     | Killed a two-headed ogre
 10550 | D:10     | Noticed Urug
 10554 | D:10     | Killed Urug
 10595 | D:10     | Found a burning altar of Makhleb.
 10595 | D:10     | Found a shimmering altar of Xom.
 10723 | D:11     | Reached skill level 15 in Stealth
 10770 | D:11     | Found a staircase to the Orcish Mines.
 10989 | D:11     | Noticed a two-headed ogre
 10993 | D:11     | Killed a two-headed ogre
 11778 | Orc:1    | Entered Level 1 of the Orcish Mines
 11998 | Orc:1    | Reached XP level 13. HP: 43/79 MP: 13/13
 12055 | Orc:1    | Found a dark tunnel.
 12061 | Volcano  | Entered a volcano
 12199 | Volcano  | Reached skill level 16 in Stealth
 12212 | Volcano  | Noticed a fire dragon
 12216 | Volcano  | Killed a fire dragon
 12862 | Orc:2    | Entered Level 2 of the Orcish Mines
 12862 | Orc:2    | Found a staircase to the Elven Halls.
 12911 | Orc:2    | Reached skill level 1 in Evocations
 12936 | Orc:2    | Found Puyciost's Distillery.
 12993 | Orc:2    | Killed by an exploding orc wizard... ignited by their inner
                  | flame

Illustrated notes

Levels and vault maps discovered:
D:1:      dpeg_arrival_arbitrary_c, layout_basic
D:2:      minmay_roachtagon, layout_basic
D:3:      layout_rooms, uniq_sigmund
D:4:      layout_loops_ring, gup_sewer_entry_bubbles, minmay_fire_ice_demons,
          uniq_pikel
D:5:      layout_loops_cross
D:6:      layout_loops_ring, fedhas_bush_and_centaur_altar,
          minmay_temple_entry_antechambers
D:7:      layout_loops_ring, nicolae_overflow_squiral, minmay_misc_feat_square,
          uniq_joseph
D:8:      layout_cave_pools, mainiacjoe_overflow_alcove_1,
          chequers_temple_overflow_statue_of_worship, kb_rosetta,
          uniq_prince_ribbit1, uniq_psyche, uniq_grum
D:9:      minmay_cornered_nines, layout_loops_cross,
          lemuel_coloured_pillars_altar, erik_lair_island, st_stairs_7
D:10:     layout_loops_ring, grunt_temple_overflow_champion_of_chaos,
          grunt_dithmenos_shadows, uniq_lodul, uniq_urug
D:11:     layout_irregular_city, david_orc_3
D:12:     layout_gridville
Temple:   minmay_temple_forest_path
Orc:1:    layout_caves, nicolae_volcano_entry_s_turn
Orc:2:    grunt_orc_tribal_feast, layout_caves, serial_shops, shop,
          minmay_orc_temple_b

Skill      XL: |  1  2  3  4  5  6  7  8  9 10 11 12 13 |
---------------+----------------------------------------+-----
Short Blades   | 3 4 5 6 7 9 10 12 13 14 | 14.0
Dodging        | 2 3 4 5 6 8 9 11 12 13 | 13.3
Fighting       | 3 4 5 6 7 8 9 |  9.1
Throwing       | 3 4 5 7 |  7.8
Stealth        | 6 7 8 9 11 12 14 15 16 | 16.5
Evocations     | 1 |  1.5

Action                     |  1- 3 |  4- 6 |  7- 9 | 10-12 | 13-15 || total
---------------------------+-------+-------+-------+-------+-------++-------
  Melee: Dagger            |    44 |    77 |   178 |       |       ||   299
         Punch             |     1 |     1 |     2 |     4 |       ||     8
         Rapier            |       |       |    29 |   258 |    52 ||   339
  Throw: Dart              |       |    11 |    28 |     4 |       ||    43
         Throwing net      |       |       |     2 |     1 |       ||     3
         Boomerang         |       |       |     1 |    40 |       ||    41
    Use: Scroll            |     7 |     9 |     9 |    13 |     1 ||    39
   Stab: Sleeping          |    17 |    16 |    36 |    48 |    17 ||   134
         Held in net/web   |       |       |     2 |       |       ||     2
         Distracted        |       |       |       |     4 |     1 ||     5
 Armour: Robe              |     2 |     2 |    12 |    11 |     3 ||    30
  Dodge: Dodged            |    34 |    66 |   166 |   232 |    26 ||   524
